Map: Automaton LE

Players

Rex

  • Race: Zerg Zerg
  • League: Master
  • Spawn Location: 9:00

Scarlett - Winner!

  • Race: Zerg Zerg
  • Spawn Location: 3:00

Event: 2019 WCS Winter Americas

VOD

Have the link to the VOD?

Description

Time

  • Played on: Feb. 14, 2019, 1:36 p.m.
  • Length: 9:46

All games in this series

Show
View Real Time Build Order
Export as new Build Order

Rex Zerg 

Build Orders: Hatch First 

Get SALT Encoding   

  12  0:01  Drone  
  13  0:13  Overlord  
  13  0:17  Drone  
  14  0:31  Drone x2  
  16  0:50  Hatchery  
  16  0:52  Drone  
  16  0:56  Drone  
  17  1:00  Drone  
  18  1:10  Extractor  
  17  1:15  Spawning Pool  
  16  1:19  Drone  
  16  1:22  Drone  
  18  1:28  Drone  
  19  1:41  Drone  
  20  1:50  Drone  
  21  2:02  Queen x2  
  21  2:03  Overlord  
  21  2:06  Zergling x2  
  26  2:11  Metabolic Boost  
  26  2:15  Drone  
  27  2:16  Drone  
  28  2:23  Drone x2  
  30  2:40  Hatchery  
  29  2:47  Queen  
  29  2:49  Zergling x2  
  29  2:51  Zergling x2  
  33  2:56  Overlord  
  33  3:03  Baneling Nest  
  33  3:05  Drone x2  
  33  3:08  Drone  
  33  3:10  Drone  
  36  3:22  Drone x4  
  36  3:24  Drone  
  40  3:28  Overlord  
  40  3:30  Zergling x2  
  41  3:44  Evolution Chamber  
  41  3:46  Baneling x2  
  40  3:48  Lair  
  40  3:51  Queen  
  40  3:54  Drone x3  
  45  3:58  Zergling x4, Drone  
  45  4:01  Drone  
  49  4:04  Zergling x2  
  49  4:05  Drone  
  50  4:10  Zergling x4  
  50  4:12  Overlord  
  50  4:15  Zergling x2  
  53  4:21  Zergling x4  
  53  4:22  Zergling x2  
  56  4:29  Queen  
  56  4:30  Queen  
  60  4:34  Overlord  
  60  4:35  Overlord  
  60  4:43  Overlord  
  59  4:45  Zergling x2  
  59  4:46  Zergling x2  
  59  4:48  Zergling x2  
  62  4:53  Nydus Network  
  62  4:57  Queen  
  63  5:04  Queen  
  64  5:12  Zergling x20  
  74  5:29  Baneling x2  
  74  5:34  Zergling x20, Nydus Canal  
  76  5:38  Zergling x6  
  76  5:41  Zergling x4  
  76  5:42  Zergling x2  
  82  5:46  Zergling x6  
  82  5:48  Zergling x2  
  85  5:51  Zergling x2  
  85  5:54  Zergling x2  
  84  5:59  Baneling x3  
  84  6:00  Zergling x2  
  84  6:03  Zergling x4  
  81  6:06  Baneling  
  70  6:12  Zergling x4  
  70  6:14  Zergling x2  
  70  6:16  Nydus Canal  
  70  6:18  Queen x2  
  72  6:20  Zergling x4  
  72  6:22  Zergling x2  
  72  6:24  Zergling x2  
  72  6:25  Zergling x2  
  72  6:29  Zergling x2  
  72  6:30  Zergling x2  
  72  6:31  Zergling x2  
  75  6:35  Zergling x4  
  75  6:37  Zergling x2  
  75  6:38  Zergling x2  
  75  6:39  Nydus Canal  
  76  6:44  Zergling x2  
  76  6:45  Zergling x2  
  77  6:48  Zergling x2  
  77  6:51  Baneling  
  77  6:52  Baneling  
  74  6:54  Queen  
  76  7:16  Drone x8  
  76  7:20  Queen x2  
  76  7:22  Drone  
  89  7:30  Overlord x2  
  89  7:32  Overlord  
  89  7:34  Overlord  
  89  7:36  Overlord  
  89  7:42  Overlord  
  88  7:48  Spore Crawler  
  88  7:50  Spore Crawler x2, Queen  
  86  7:52  Spore Crawler  
  86  7:54  Spore Crawler  
  86  7:57  Drone x2  
  86  7:58  Drone  
  85  8:01  Drone  
  85  8:02  Spore Crawler, Drone x2  
  87  8:08  Drone  
  87  8:14  Drone  
  87  8:15  Drone x5  
  87  8:17  Drone  
  87  8:19  Zergling x2  
  79  8:27  Baneling x9  
  79  8:30  Queen  
  81  8:37  Zergling x4  
  81  8:39  Zergling x6  
  82  8:45  Drone x3  
  82  8:48  Drone x3  
  82  8:54  Drone  
  82  8:55  Drone  
  81  9:05  Zergling x4  
  81  9:07  Zergling x10  
  82  9:11  Zergling x4  
  82  9:12  Baneling  
  82  9:13  Baneling x2  
  82  9:18  Zergling x2  
  82  9:22  Zergling x4  
  82  9:23  Zergling x2  
  85  9:25  Zergling x4  
Show
View Real Time Build Order
Export as new Build Order

Scarlett Zerg - Winner!

Build Orders: Hatch First 

Get SALT Encoding   

  12  0:00  Drone  
  13  0:12  Overlord  
  13  0:18  Drone  
  14  0:31  Drone x2  
  16  0:49  Hatchery  
  15  0:52  Drone  
  15  0:56  Drone  
  17  0:59  Drone  
  18  1:11  Extractor  
  18  1:15  Spawning Pool  
  17  1:18  Drone  
  17  1:21  Drone  
  18  1:28  Drone  
  19  1:39  Drone  
  20  1:50  Drone  
  21  2:02  Overlord, Queen x2  
  21  2:03  Zergling x2  
  26  2:11  Metabolic Boost  
  26  2:18  Drone x2  
  29  2:22  Drone  
  29  2:23  Drone  
  30  2:38  Hatchery  
  30  2:43  Drone x2  
  31  2:45  Drone  
  32  2:52  Baneling Nest  
  32  2:53  Zergling x2  
  32  2:56  Zergling x2  
  33  3:00  Overlord  
  33  3:11  Drone x3  
  36  3:19  Drone x5  
  41  3:23  Overlord  
  41  3:36  Drone x2  
  41  3:39  Extractor  
  42  3:43  Evolution Chamber, Drone  
  42  3:44  Drone x4  
  42  3:48  Queen  
  47  3:49  Baneling  
  47  3:53  Drone x3  
  50  4:06  Drone x6  
  56  4:10  Zerg Melee Weapons Level 1  
  56  4:12  Drone  
  56  4:15  Overlord x2  
  57  4:20  Lair  
  57  4:25  Overlord  
  57  4:27  Extractor  
  57  4:29  Extractor, Drone x2  
  57  4:30  Overlord  
  57  4:33  Overlord  
  57  4:35  Drone x2  
  57  4:37  Drone  
  60  4:39  Drone  
  60  4:41  Baneling x2  
  60  4:46  Zergling x4  
  60  4:50  Drone  
  60  4:51  Drone x6  
  69  4:55  Drone x2  
  69  4:56  Drone  
  69  4:57  Extractor x2  
  69  4:58  Zergling x2  
  71  5:06  Overlord  
  71  5:10  Baneling x2  
  71  5:11  Zergling x2  
  71  5:12  Zergling x6  
  75  5:20  Zergling x16  
  83  5:25  Zergling x2  
  83  5:27  Baneling x2  
  84  5:32  Zergling x10  
  84  5:35  Baneling x2  
  87  5:36  Spire  
  87  5:42  Zergling x2  
  87  5:43  Zergling x4  
  87  5:44  Baneling x2  
  88  5:51  Zergling x8  
  88  5:53  Baneling x5  
  90  6:02  Zergling x6  
  91  6:05  Zergling x14  
  91  6:06  Baneling x2  
  94  6:14  Queen  
  94  6:17  Zergling x2  
  94  6:18  Zergling x6  
  97  6:25  Baneling x3  
  92  6:26  Zergling x2  
  93  6:34  Overlord  
  91  6:47  Mutalisk x7  
  105  6:57  Mutalisk x4  
  105  6:58  Overlord x2  
  105  6:59  Zerg Flyer Weapons Level 1  
  113  7:10  Zerg Melee Weapons Level 2  
  113  7:11  Hatchery  
  113  7:15  Mutalisk  
  114  7:18  Drone x7  
  121  7:26  Baneling  
  121  7:27  Overlord x4, Baneling x4  
  121  7:36  Mutalisk x4  
  120  7:46  Overlord  
  120  7:52  Mutalisk x2  
  120  7:54  Zergling x14  
  131  8:03  Mutalisk x2  
  133  8:18  Mutalisk  
  133  8:19  Mutalisk  
  134  8:21  Zergling x2  
  134  8:22  Zergling x18  
  143  8:30  Mutalisk x2  
  143  8:31  Overlord x2  
  147  8:36  Mutalisk  
  147  8:37  Zergling x2  
  147  8:38  Zergling x2  
  147  8:44  Baneling x7  
  147  8:48  Zergling x14  
  152  8:53  Infestation Pit  
  152  8:55  Zergling x2  
  152  8:56  Zergling x14  
  155  9:08  Zergling x12  
  156  9:17  Mutalisk x2  
  156  9:19  Zergling x10  
  156  9:20  Zergling x6  
  166  9:27  Zergling x8  
Tags
 
Add a new tag
Caveats
  • Supply blocks, unpowered buildings, or Contaminate may cause inaccurate times.
  • Supply counts are checked every 10 seconds.